 Dungeon Crawl Stone Soup version 0.31.0-12-g77e489cdc1 (webtiles) character file.

Game seed: 13361416107987990213

316 spaghetti the Shooter (level 6, 0/44 HPs)
             Began as a Demonspawn Hunter on Mar 1, 2024.
             Slain by a gnoll
             ... wielding a +0 whip
             ... led by a gnoll bouda
              (6 damage)
             ... on level 3 of the Dungeon.
             The game lasted 00:03:51 (3080 turns).

spaghetti the Shooter (Demonspawn Hunter)           Turns: 3080, Time: 00:03:52

Health: 0/44       AC:  3    Str: 11    XL:     6   Next: 20%
Magic:  7/7        EV: 12    Int: 15    God:
Gold:   104        SH:  4    Dex: 19    Spells: 2/5 levels left

rFire   . . .        a - +2 shortbow
rCold   . . .        (shield currently unavailable)
rNeg    . . .        c - +0 leather armour
rPois   .            (helmet unavailable)
rElec   .            (no cloak)
rCorr   .            (no gloves)
SInv    +            (no boots)
Will    .....        (no amulet)
Stlth   ++           f - +6 ring of intelligence
HPRegen 0.27/turn    k - ring of flight
MPRegen 0.10/turn

%: no passive effects
@: flying, studying Invocations
A: antennae 3, condensation shield
a: no special abilities


You were on level 3 of the Dungeon.
You visited 1 branch of the dungeon, and saw 4 of its levels.

You collected 104 gold pieces.

Inventory:

Hand Weapons
 a - a +2 shortbow (weapon)
Missiles
 i - 4 throwing nets
Armour
 c - a +0 leather armour (worn)
 l - a +1 hat
Jewellery
 f - a +6 ring of intelligence (left hand)
 k - a ring of flight (right hand)
 o - a ring of see invisible
Wands
 j - a wand of iceblast (8)
Scrolls
 b - 2 scrolls of butterflies
 g - a scroll of blinking
Potions
 d - a potion of heal wounds {unknown}
 e - a potion of brilliance
 h - 3 potions of resistance {unknown}
 m - a potion of lignification {unknown}


   Skills:
 - Level 2.0 Fighting
 + Level 6.8 Ranged Weapons
 - Level 1.7 Dodging
 - Level 0.8 Stealth
 + Level 1.4 Invocations


You had 2 spell levels left.
You knew the following spells:

 Your Spells              Type           Power      Damage    Failure   Level
a - Tukima's Dance        Hex            0%         N/A       71%         3

Your spell library contained the following spells:

 Spells                   Type           Power      Damage    Failure   Level
 Manifold Assault         Tloc           0%         N/A       98%         4
 Passage of Golubria      Tloc           0%         N/A       98%         4
 Yara's Violent Unravell  Hex/Alch       0%         3d3       100%        5
 Dispersal                Tloc           0%         N/A       100%        6
 Disjunction              Tloc           0%         N/A       100%        8


Dungeon Overview and Level Annotations

Branches:
Dungeon (4/15)
 Temple: D:4-7

Altars:

Shops:
D:1 :   D:3 :

Annotations:
D:3 Raydon1206's ghost, amateur HOFi


Innate Abilities, Weirdness & Mutations

You have a pair of large antennae on your head. (SInv)
A meltable shield of frost defends you. (SH +4)


Message History

No target in view!
Magic restored.
You now have 104 gold pieces (gained 15).
Found a stone staircase leading down.
You see here a +1 hat.
l - a +1 hat The gnoll shouts!
The gnoll bouda barks out a call to the hunt!
The gnolls pick up the pace!
The gnoll shouts!
The gnoll barely misses you. The gnoll attacks as it pursues you!
The gnoll hits you from afar with a +0 spear.
There is an escape hatch in the ceiling here.
The gnoll hits you with a +0 spear. You block the gnoll's attack.
The gnoll closely misses you.
There is an escape hatch in the ceiling here.
You block the gnoll's attack. The gnoll closely misses you.
The gnoll hits you with a +0 club. The gnoll barely misses you.
A mysterious force pulls you upwards. The hatch slams shut behind you.
Level annotation: Raydon1206's ghost, amateur HOFi Unknown command.
Unknown command.
Unknown command.
You block the gnoll's attack.
The gnoll hits you from afar with a +0 spear.
The gnoll bouda gazes fiercely through you!
You feel your attacks grow feeble.
The gnoll bouda attacks as it pursues you!
The gnoll bouda hits you with a +0 whip!
You block the gnoll's attack. The gnoll misses you.
The gnoll hits you with a +0 club. The gnoll attacks as it pursues you!
The gnoll hits you from afar with a +0 spear!
Your attacks no longer feel as feeble.
The gnoll attacks as it pursues you! The gnoll closely misses you.
The gnoll bouda attacks as it pursues you!
The gnoll bouda hits you with a +0 whip!
* * * LOW HITPOINT WARNING * * *
The gnoll hits you with a +0 whip.
You die...

..#####.......##..#
.............###..#
..#.......#...##..#
..#...........##..#
..................#
.......###........#
......## ##....[..#
...##.# #.......##
..###.# #.....@..#
#.#...# #.....gg.##
#...### #.....g...#
...## #.......#g#
...### ##..#.....###
.....### ###.##.......#
......<###...##.......#
..##.#.....####....#.##
.........#.........#.#


You could see a gnoll bouda and 3 gnolls.

Vanquished Creatures
  A phantom (D:3)
  A jelly (D:4)
  A hound (D:4)
  An iguana (D:4)
  A howler monkey skeleton (D:3)
  4 gnolls (D:2)
  2 adders
  A dart slug (D:4)
  2 ribbon worms
  7 orcs
  9 ball pythons
  4 endoplasms
  5 giant cockroaches
  5 goblins
  4 hobgoblins
  7 jackals
  2 quokkas
  7 bats
  2 frilled lizards
  8 kobolds
  A rat (D:2)
75 creatures vanquished.

Notes
Turn   | Place    | Note
-------+----------+-------------------------------------------
     0 | D:1      | spaghetti the Demonspawn Hunter began the quest for the
                  | Orb.
     0 | D:1      | Reached XP level 1. HP: 16/16 MP: 1/1
   223 | D:1      | Reached skill level 4 in Ranged Weapons
   244 | D:1      | Gained mutation: You have a pair of small antennae on your
                  | head. [demonic ancestry]
   244 | D:1      | Reached XP level 2. HP: 22/22 MP: 2/2
   348 | D:1      | Found Eduum's Book Shoppe.
  1128 | D:2      | Gained mutation: A meltable shield of frost defends you.
                  | (SH +4) [demonic ancestry]
  1128 | D:2      | Reached XP level 3. HP: 19/27 MP: 3/3
  1585 | D:2      | Reached skill level 5 in Ranged Weapons
  1587 | D:2      | Gained mutation: You have a pair of antennae on your head.
                  | [demonic ancestry]
  1587 | D:2      | Reached XP level 4. HP: 32/33 MP: 4/4
  1841 | D:3      | Found a transporter.
  1952 | D:3      | Learned a level 3 spell: Tukima's Dance
  2120 | D:3      | Found a transporter.
  2124 | D:3      | Noticed Raydon1206's ghost (amateur HOFi)
  2124 | D:3      | Noticed a phantom
  2352 | D:3      | Found Dytt's Vocational Training.
  2438 | D:3      | Killed a phantom
  2439 | D:3      | Reached skill level 6 in Ranged Weapons
  2439 | D:3      | Gained mutation: You have a pair of large antennae on your
                  | head. (SInv) [demonic ancestry]
  2439 | D:3      | Reached XP level 5. HP: 38/38 MP: 5/5
  2905 | D:4      | Reached XP level 6. HP: 44/44 MP: 6/6
  3034 | D:4      | Reached skill level 1 in Invocations
  3080 | D:3      | Slain by a gnoll

Illustrated notes

Levels and vault maps discovered:
D:1:      eino_arrival_cavern_c, layout_loops_ring, serial_shops,
          nicolae_square_shop
D:2:      minmay_inner_zag, layout_basic
D:3:      layout_rooms, gammafunk_ghost_mausoleum, dk_noncrumbling_3,
          nicolae_shop_vocational
D:4:      layout_cave_pods, tso_altar, minmay_manual_mess

Skill      XL: |  1  2  3  4  5  6 |
---------------+-------------------+-----
Ranged Weapons | 4 5 6 |  6.8
Invocations    | 1 |  1.4
Fighting       | |  2.0
Dodging        | |  1.7
Stealth        | |  0.8

Action                     |  1- 3 |  4- 6 || total
---------------------------+-------+-------++-------
  Melee: Unarmed           |     4 |     5 ||     9
   Fire: Shortbow          |    56 |   152 ||   208
    Use: Scroll            |     4 |     6 ||    10
         Potion            |     3 |       ||     3
 Armour: Leather armour    |    12 |    73 ||    85
  Dodge: Dodged            |     9 |    54 ||    63
  Block: Other             |     2 |    19 ||    21
